New York Rangers vs Winnipeg Jets
Created - Thursday, January 29, 2026 at 09:41
Goals
|
| New York Rangers |
1 |
1 |
0 |
2 |
| Winnipeg Jets |
2 |
1 |
1 |
4 |
|
Shots
|
| New York Rangers |
13 |
17 |
2 |
32 |
| Winnipeg Jets |
15 |
7 |
12 |
34 |
|
1st period
1. Winnipeg Jets , Jason Zucker 1 (Ridly Greig 4) at 2:35
2. New York Rangers , Timo Meier 2 (Evgeni Malkin 7, Kyle Palmieri 4) at 14:38
3. Winnipeg Jets , Ridly Greig 6 (Jonas Brodin 5, Dylan Samberg 5) at 19:05
Penalties :
No Penalty
2nd period
4. Winnipeg Jets , Jason Zucker 2 (Connor Bedard 9) at 16:09 (PP)
5. New York Rangers , Timo Meier 3 (Evgeni Malkin 8, Dylan Strome 6) at 19:33 (PP)
Penalties :
Dylan Samberg (WPG) for Elbowing (Minor) at 3:25, Matvei Michkov (WPG) for Close Hand On Puck (Minor) at 11:26, Luke Schenn (NYR) for Cross-checking (Minor) at 16:04, Dylan Samberg (WPG) for Hooking (Minor) at 19:26
3rd period
6. Winnipeg Jets , Alexander Kerfoot 4 (Taylor Hall 5, Adam Lowry 5) at 5:33
Penalties :
Nate Schmidt (WPG) for Roughing (Minor) at 7:30, Connor Bedard (WPG) for Interference (Minor) at 13:21, Timo Meier (NYR) for Interference (Minor) at 16:25
Goalie Stats
Igor Shesterkin (NYR), 30 saves from 34 shots - (0.882), L, 9-2-0, 60:00 minutes
Yaroslav Askarov (WPG), 30 saves from 32 shots - (0.938), W, 3-3-0, 60:00 minutes
Players Stats for New York Rangers
Player Name G A P +/- PIM S H SB GA TA FO MP PP MP PK MP
------------------------------------------------------------------------------------
Adam Larsson 0 0 0 1 0 0 1 1 0 1 0/0 17:50 0:00 1:17
Artemi Panarin 0 0 0 -2 0 3 3 0 0 2 0/0 20:12 4:13 0:00
Cole Caufield 0 0 0 -2 0 1 2 1 1 0 1/1 20:33 4:13 0:00
Conor Garland 0 0 0 0 0 1 1 0 1 1 0/0 8:30 0:00 0:00
Dmitry Kulikov 0 0 0 -1 0 0 0 0 0 1 0/0 13:42 0:00 0:00
Dylan Strome 0 1 1 0 0 3 0 0 1 0 5/8 15:09 3:47 0:00
Evgeni Malkin 0 2 2 0 0 4 4 0 0 0 1/6 18:52 4:37 0:00
Jake Walman 0 0 0 -2 0 0 2 3 0 0 0/0 23:06 3:26 0:47
Kyle Palmieri 0 1 1 0 0 7 0 0 1 0 0/0 17:21 3:47 0:00
Luke Schenn 0 0 0 1 2 0 0 0 0 0 0/0 17:48 0:00 0:47
Marcus Foligno 0 0 0 0 0 1 2 0 0 0 0/0 9:52 0:03 0:55
Mikael Granlund 0 0 0 0 0 0 3 0 0 0 1/3 16:24 3:26 1:09
Nathan MacKinnon 0 0 0 -2 0 4 0 1 0 0 18/32 20:10 4:16 0:00
Noel Acciari 0 0 0 0 0 0 0 0 0 0 0/3 9:52 0:03 1:09
Olli Maatta 0 0 0 -1 0 0 1 0 0 2 0/0 14:44 0:00 1:17
Teuvo Teravainen 0 0 0 0 0 1 0 1 0 1 0/3 13:02 0:00 0:55
Timo Meier 2 0 2 0 2 5 1 1 1 1 2/2 17:32 3:47 0:00
Victor Hedman 0 0 0 -2 0 2 0 2 0 0 0/0 23:15 4:37 0:00
Players Stats for Winnipeg Jets
Player Name G A P +/- PIM S H SB GA TA FO MP PP MP PK MP
------------------------------------------------------------------------------------
Adam Lowry 0 1 1 1 0 2 2 1 0 1 10/24 19:17 1:10 3:24
Alexander Kerfoot 1 0 1 1 0 3 1 1 1 0 1/1 15:50 1:10 0:04
Alexis Lafreniere 0 0 0 -1 0 1 0 0 2 0 0/0 12:37 0:00 0:40
Connor Bedard 0 1 1 2 2 5 2 0 1 0 0/1 17:39 0:54 2:44
Dylan Samberg 0 1 1 2 4 0 1 1 0 2 0/0 24:07 1:08 3:03
Haydn Fleury 0 0 0 0 0 2 0 1 0 0 0/0 20:10 0:56 3:50
Jason Zucker 2 0 2 2 0 5 3 0 0 1 8/17 14:37 0:54 0:00
Joel Armia 0 0 0 -1 0 1 1 0 0 0 1/1 14:33 0:00 2:09
Jonas Brodin 0 1 1 2 0 1 1 1 0 0 0/0 25:57 1:08 4:45
Matvei Michkov 0 0 0 0 2 0 1 0 1 0 0/0 9:21 0:00 0:00
Michael Kesselring 0 0 0 0 0 0 3 2 1 0 0/0 15:41 0:00 1:27
Nate Schmidt 0 0 0 0 2 1 0 1 0 0 0/0 20:12 0:56 3:01
Nino Niederreiter 0 0 0 0 0 0 0 0 0 0 0/0 9:11 0:00 0:00
Ridly Greig 1 1 2 2 0 4 1 1 2 1 0/0 18:12 0:54 3:36
Sam Steel 0 0 0 0 0 1 1 0 0 0 1/2 9:11 0:00 0:00
Sean Durzi 0 0 0 0 0 3 0 0 0 0 0/0 14:14 0:00 0:00
Taylor Hall 0 1 1 1 0 4 3 2 1 0 2/2 19:26 1:10 3:29
Vladislav Namestnikov 0 0 0 -1 0 1 0 0 0 0 7/10 11:37 0:00 0:00
3 Stars
1 - Jason Zucker (WPG)
2 - Ridly Greig (WPG)
3 - Alexander Kerfoot (WPG)
Power Play
New York Rangers - 1 on 5 Attempt(s) - 20.00%
Winnipeg Jets - 1 on 2 Attempt(s) - 50.00%
Penalty Kill
New York Rangers - 1 on 2 Attempt(s) - 50.00%
- Score 0 goal in Penalty Kill
Winnipeg Jets - 4 on 5 Attempt(s) - 80.00%
- Score 0 goal in Penalty Kill
Team Stat
New York Rangers - Hits : 20 - Faceoff Wins : 28 - Blocked Shots : 10 - Penalty Minutes : 4
Winnipeg Jets - Hits : 20 - Faceoff Wins : 30 - Blocked Shots : 11 - Penalty Minutes : 10
Official
Referees : Francis Charron and Tj Luxmore
Linesman : Brad Kovachik and Jonathan Deschamps
Game Notes
17:53 of 3rd period - Winnipeg Jets goal is going for a video replay. After video review, No Goal. The goalkeeper has been pushed into the net together with the puck after making a save.
Finance
Level 1 -- Attendance: 5225 (87.08%) -- Ticket Income $480,700
Level 2 -- Attendance: 4769 (95.38%) -- Ticket Income $262,295
Level 3 -- Attendance: 2773 (92.43%) -- Ticket Income $83,190
Level 4 -- Attendance: 5000 (100.00%) -- Ticket Income $110,000
Luxury Box -- Attendance: 952 (95.20%) -- Ticket Income $180,880
Game was played at the MTS Centre.
Total Attendance: 18719 (93.60%)
Total Ticket Income: $1,117,065
Other Income: $390,973
Total Income: $1,508,038
New York Rangers
5 vs 5 Forward
Center Left Wing Right Wing Time % Phy DF OF
1 Nathan MacKinnon Artemi Panarin Cole Caufield 40 0 1 4
2 Evgeni Malkin Timo Meier Kyle Palmieri 30 1 1 3
3 Dylan Strome Teuvo Teravainen Mikael Granlund 20 1 2 2
4 Noel Acciari Marcus Foligno Conor Garland 10 2 2 1
5 vs 5 Defense
Defense Defense Time % Phy DF OF
1 Victor Hedman Jake Walman 40 0 3 2
2 Luke Schenn Adam Larsson 35 0 4 1
3 Olli Maatta Dmitry Kulikov 25 2 3 0
4 Dmitry Kulikov Adam Larsson 0 1 2 2
PowerPlay Forward
Center Left Wing Right Wing Time % Phy DF OF
1 Nathan MacKinnon Cole Caufield Artemi Panarin 50 0 0 5
2 Dylan Strome Timo Meier Kyle Palmieri 50 0 1 4
PowerPlay Defense
Defense Defense Time % Phy DF OF
1 Victor Hedman Evgeni Malkin 65 0 0 5
2 Jake Walman Mikael Granlund 35 0 1 4
Penalty Kill 4 Players Forward
Center Wing Time % Phy DF OF
1 Mikael Granlund Noel Acciari 50 1 4 0
2 Teuvo Teravainen Marcus Foligno 50 2 3 0
Penalty Kill 4 Players Defense
Defense Defense Time % Phy DF OF
1 Olli Maatta Adam Larsson 60 1 4 0
2 Luke Schenn Jake Walman 40 2 3 0
Penalty Kill - 3 Players Forward
Forward Time % Phy DF OF
1 Mikael Granlund 50 0 5 0
2 Noel Acciari 50 0 5 0
Penalty Kill - 3 Players Defense
Defense Defense Time % Phy DF OF
1 Olli Maatta Adam Larsson 50 0 4 0
2 Jake Walman Luke Schenn 50 0 5 0
4 vs 4 Forward
Center Wing Time % Phy DF OF
1 Nathan MacKinnon Artemi Panarin 50 0 2 3
2 Evgeni Malkin Cole Caufield 50 0 2 3
4 vs 4 Defense
Defense Defense Time % Phy DF OF
1 Victor Hedman Jake Walman 50 1 2 2
2 Adam Larsson Luke Schenn 50 1 2 2
Last Minutes Offensive
Center Left Wing Right Wing Defense Defense
Nathan MacKinnon Cole Caufield Artemi Panarin Victor Hedman Jake Walman
Last Minutes Defensive
Center Left Wing Right Wing Defense Defense
Mikael Granlund Noel Acciari Teuvo Teravainen Adam Larsson Jake Walman
Goaltenders
Starting : Igor Shesterkin
Backup : Kevin Lankinen
Extra Forwards
Normal : Timo Meier, Dylan Strome, Teuvo Teravainen - PP : Timo Meier, Dylan Strome - PK : Teuvo Teravainen
Extra Defensemen
Normal : Adam Larsson, Olli Maatta, Jake Walman - PP : Adam Larsson - PK : Olli Maatta, Jake Walman
Penalty Shots
Nathan MacKinnon, Evgeni Malkin, Mikael Granlund, Artemi Panarin, Kyle Palmieri
Scratches
None
Winnipeg Jets
5 vs 5 Forward
Center Left Wing Right Wing Time % Phy DF OF
1 Jason Zucker Connor Bedard Ridly Greig 30 1 2 2
2 Adam Lowry Taylor Hall Alexander Kerfoot 30 1 2 2
3 Vladislav Namestnikov Alexis Lafreniere Joel Armia 25 1 2 2
4 Sam Steel Matvei Michkov Nino Niederreiter 15 1 2 2
5 vs 5 Defense
Defense Defense Time % Phy DF OF
1 Dylan Samberg Jonas Brodin 30 1 2 2
2 Nate Schmidt Haydn Fleury 30 1 2 2
3 Sean Durzi Michael Kesselring 25 1 2 2
4 Dylan Samberg Jonas Brodin 15 1 2 2
PowerPlay Forward
Center Left Wing Right Wing Time % Phy DF OF
1 Jason Zucker Connor Bedard Ridly Greig 50 1 2 2
2 Adam Lowry Taylor Hall Alexander Kerfoot 50 1 2 2
PowerPlay Defense
Defense Defense Time % Phy DF OF
1 Dylan Samberg Jonas Brodin 50 1 2 2
2 Nate Schmidt Haydn Fleury 50 1 2 2
Penalty Kill 4 Players Forward
Center Wing Time % Phy DF OF
1 Taylor Hall Connor Bedard 50 1 2 2
2 Adam Lowry Ridly Greig 50 1 2 2
Penalty Kill 4 Players Defense
Defense Defense Time % Phy DF OF
1 Dylan Samberg Jonas Brodin 50 1 2 2
2 Nate Schmidt Haydn Fleury 50 1 2 2
Penalty Kill - 3 Players Forward
Forward Time % Phy DF OF
1 Ridly Greig 50 1 2 2
2 Connor Bedard 50 1 2 2
Penalty Kill - 3 Players Defense
Defense Defense Time % Phy DF OF
1 Dylan Samberg Jonas Brodin 50 1 2 2
2 Nate Schmidt Haydn Fleury 50 1 2 2
4 vs 4 Forward
Center Wing Time % Phy DF OF
1 Matvei Michkov Connor Bedard 50 1 2 2
2 Adam Lowry Ridly Greig 50 1 2 2
4 vs 4 Defense
Defense Defense Time % Phy DF OF
1 Dylan Samberg Jonas Brodin 50 1 2 2
2 Nate Schmidt Haydn Fleury 50 1 2 2
Last Minutes Offensive
Center Left Wing Right Wing Defense Defense
Jason Zucker Connor Bedard Ridly Greig Dylan Samberg Jonas Brodin
Last Minutes Defensive
Center Left Wing Right Wing Defense Defense
Jason Zucker Connor Bedard Ridly Greig Dylan Samberg Jonas Brodin
Goaltenders
Starting : Yaroslav Askarov
Backup : Dustin Wolf
Extra Forwards
Normal : Matvei Michkov, Alexis Lafreniere, Joel Armia - PP : Matvei Michkov, Alexis Lafreniere - PK : Joel Armia
Extra Defensemen
Normal : Dylan Samberg, Michael Kesselring, Nate Schmidt - PP : Jonas Brodin - PK : Michael Kesselring, Nate Schmidt
Penalty Shots
Joel Armia, Connor Bedard, Adam Lowry, Ridly Greig, Taylor Hall
Scratches
Erik Brannstrom (Healthy), Mikael Backlund (Healthy), Barclay Goodrow (Healthy), Derek Forbort (Healthy)
% Time on Ice - New York Rangers
Lines # - Real PCT - Wanted PCT - Time Play
Normal Forward
1 - 32% - 40% - 15:59
2 - 29% - 30% - 14:20
3 - 22% - 20% - 11:04
4 - 17% - 10% - 8:30
Normal Defense
1 - 37% - 40% - 18:38
2 - 35% - 35% - 17:33
3 - 27% - 25% - 13:27
4 - 1% - 0% - 0:15
PP Forward
1 - 53% - 50% - 4:16
2 - 47% - 50% - 3:47
PP Defense
1 - 57% - 65% - 4:37
2 - 43% - 35% - 3:26
PK Forward
1 - 56% - 50% - 1:09
2 - 44% - 50% - 0:55
PK Defense
1 - 62% - 60% - 1:17
2 - 38% - 40% - 0:47
PK3 Forward
1 - 0% - 50%
2 - 0% - 50%
PK3 Defense
1 - 0% - 50%
2 - 0% - 50%
44 Forward
1 - 0% - 50%
2 - 0% - 50%
44 Defense
1 - 0% - 50%
2 - 0% - 50%
Last Minute Offensive - 0:00
Last Minute Defensive - 0:00
Total
Forward - 60:00
Defense - 60:00
|
% Time on Ice - Winnipeg Jets
Lines # - Real PCT - Wanted PCT - Time Play
Normal Forward
1 - 29% - 30% - 14:22
2 - 30% - 30% - 14:43
3 - 23% - 25% - 11:37
4 - 18% - 15% - 9:11
Normal Defense
1 - 28% - 30% - 14:12
2 - 31% - 30% - 15:16
3 - 29% - 25% - 14:14
4 - 12% - 15% - 6:11
PP Forward
1 - 44% - 50% - 0:54
2 - 56% - 50% - 1:10
PP Defense
1 - 55% - 50% - 1:08
2 - 45% - 50% - 0:56
PK Forward
1 - 53% - 50% - 4:17
2 - 47% - 50% - 3:46
PK Defense
1 - 52% - 50% - 4:13
2 - 48% - 50% - 3:50
PK3 Forward
1 - 0% - 50%
2 - 0% - 50%
PK3 Defense
1 - 0% - 50%
2 - 0% - 50%
44 Forward
1 - 0% - 50%
2 - 0% - 50%
44 Defense
1 - 0% - 50%
2 - 0% - 50%
Last Minute Offensive - 0:00
Last Minute Defensive - 0:00
Total
Forward - 60:00
Defense - 60:00
|
Play-by-Play
1st period
0:01 of 1st period - Jason Zucker wins face-off versus Nathan MacKinnon in neutral zone.
0:04 of 1st period - Snap shot by Jason Zucker.
0:04 of 1st period - Shot Misses the Net.
0:08 of 1st period - Snap shot by Jason Zucker.
0:08 of 1st period - Stopped by Igor Shesterkin without a rebound.
0:09 of 1st period - Nathan MacKinnon wins face-off versus Jason Zucker in New York Rangers zone.
0:14 of 1st period - Wrist shot by Artemi Panarin.
0:14 of 1st period - Shot Misses the Net.
0:33 of 1st period - Snap shot by Jason Zucker.
0:33 of 1st period - Shot Misses the Net.
0:35 of 1st period - Backhand shot by Dylan Samberg.
0:35 of 1st period - Shot Misses the Net.
0:37 of 1st period - Snap shot by Ridly Greig.
0:37 of 1st period - Stopped by Igor Shesterkin without a rebound.
0:38 of 1st period - Timo Meier wins face-off versus Adam Lowry in New York Rangers zone.
0:45 of 1st period - Alexander Kerfoot is hit by Timo Meier and loses puck.
2:35 of 1st period - Snap shot by Jason Zucker.
2:35 of 1st period - Goal by Jason Zucker - New York Rangers : 0 - Winnipeg Jets : 1.
2:36 of 1st period - Vladislav Namestnikov wins face-off versus Evgeni Malkin in neutral zone.
3:22 of 1st period - Slapshot by Dylan Strome.
3:22 of 1st period - Shot Misses the Net.
3:50 of 1st period - Snap shot by Adam Lowry.
3:50 of 1st period - Stopped by Igor Shesterkin without a rebound.
3:51 of 1st period - Cole Caufield wins face-off versus Adam Lowry in New York Rangers zone.
3:58 of 1st period - Wrist shot by Taylor Hall.
3:58 of 1st period - Stopped by Igor Shesterkin without a rebound.
3:59 of 1st period - Nathan MacKinnon wins face-off versus Vladislav Namestnikov in New York Rangers zone.
4:30 of 1st period - Slapshot by Nathan MacKinnon.
4:30 of 1st period - Stopped by Yaroslav Askarov with a rebound.
4:32 of 1st period - Slapshot by Victor Hedman.
4:32 of 1st period - Deflect By Joel Armia.
4:32 of 1st period - Stopped by Yaroslav Askarov without a rebound.
4:33 of 1st period - Timo Meier wins face-off versus Adam Lowry in Winnipeg Jets zone.
4:38 of 1st period - Snap shot by Evgeni Malkin.
4:38 of 1st period - Deflect By Timo Meier.
4:38 of 1st period - Stopped by Yaroslav Askarov with a rebound.
4:40 of 1st period - Wrist shot by Kyle Palmieri.
4:40 of 1st period - Shot Blocked by Taylor Hall.
4:42 of 1st period - Snap shot by Kyle Palmieri.
4:42 of 1st period - Stopped by Yaroslav Askarov with a rebound.
6:28 of 1st period - Wrist shot by Connor Bedard.
6:28 of 1st period - Stopped by Igor Shesterkin without a rebound.
6:29 of 1st period - Nathan MacKinnon wins face-off versus Jason Zucker in New York Rangers zone.
6:44 of 1st period - Snap shot by Connor Bedard.
6:44 of 1st period - Stopped by Igor Shesterkin without a rebound.
6:45 of 1st period - Vladislav Namestnikov wins face-off versus Evgeni Malkin in New York Rangers zone.
6:50 of 1st period - Wrist shot by Vladislav Namestnikov.
6:50 of 1st period - Shot Blocked by Victor Hedman.
7:16 of 1st period - Slapshot by Alexis Lafreniere.
7:16 of 1st period - Stopped by Igor Shesterkin without a rebound.
7:17 of 1st period - Dylan Strome wins face-off versus Adam Lowry in New York Rangers zone.
7:17 of 1st period - Dylan Strome is hit by Michael Kesselring.
8:16 of 1st period - Snap shot by Conor Garland.
8:16 of 1st period - Deflect By Marcus Foligno.
8:16 of 1st period - Stopped by Yaroslav Askarov with a rebound.
9:39 of 1st period - Nino Niederreiter is hit by Adam Larsson and loses puck.
9:52 of 1st period - Slapshot by Evgeni Malkin.
9:52 of 1st period - Deflect By Kyle Palmieri.
9:52 of 1st period - Stopped by Yaroslav Askarov without a rebound.
9:53 of 1st period - Vladislav Namestnikov wins face-off versus Evgeni Malkin in Winnipeg Jets zone.
9:53 of 1st period - Vladislav Namestnikov is hit by Evgeni Malkin.
10:24 of 1st period - Snap shot by Nathan MacKinnon.
10:24 of 1st period - Stopped by Yaroslav Askarov with a rebound.
10:44 of 1st period - Luke Schenn is hit by Ridly Greig and loses puck.
10:49 of 1st period - Snap shot by Connor Bedard.
10:49 of 1st period - Stopped by Igor Shesterkin with a rebound.
11:11 of 1st period - Teuvo Teravainen is hit by Matvei Michkov and loses puck.
12:13 of 1st period - Jake Walman is hit by Jason Zucker and loses puck.
13:13 of 1st period - Snap shot by Kyle Palmieri.
13:13 of 1st period - Stopped by Yaroslav Askarov with a rebound.
13:47 of 1st period - Snap shot by Dylan Strome.
13:47 of 1st period - Shot Misses the Net.
13:49 of 1st period - Slapshot by Luke Schenn.
13:49 of 1st period - Deflect By Teuvo Teravainen.
13:49 of 1st period - Shot Misses the Net.
13:49 of 1st period - Puck is out of play.
13:50 of 1st period - Jason Zucker wins face-off versus Nathan MacKinnon in Winnipeg Jets zone.
14:07 of 1st period - Wrist shot by Jason Zucker.
14:07 of 1st period - Stopped by Igor Shesterkin with a rebound.
14:17 of 1st period - Taylor Hall is hit by Jake Walman and loses puck.
14:22 of 1st period - Snap shot by Evgeni Malkin.
14:22 of 1st period - Stopped by Yaroslav Askarov without a rebound.
14:23 of 1st period - Evgeni Malkin wins face-off versus Vladislav Namestnikov in Winnipeg Jets zone.
14:36 of 1st period - Wrist shot by Timo Meier.
14:36 of 1st period - Shot Misses the Net.
14:38 of 1st period - Wrist shot by Timo Meier.
14:38 of 1st period - Goal by Timo Meier - New York Rangers : 1 - Winnipeg Jets : 1.
14:39 of 1st period - Adam Lowry wins face-off versus Nathan MacKinnon in neutral zone.
14:50 of 1st period - Slapshot by Nathan MacKinnon.
14:50 of 1st period - Shot Misses the Net.
15:40 of 1st period - Off-side.
15:41 of 1st period - Adam Lowry wins face-off versus Noel Acciari in neutral zone.
16:30 of 1st period - Jake Walman is hit by Jason Zucker and loses puck.
16:59 of 1st period - Slapshot by Sam Steel.
16:59 of 1st period - Stopped by Igor Shesterkin with a rebound.
17:01 of 1st period - Wrist shot by Jonas Brodin.
17:01 of 1st period - Stopped by Igor Shesterkin without a rebound.
17:02 of 1st period - Nathan MacKinnon wins face-off versus Adam Lowry in New York Rangers zone.
17:09 of 1st period - Wrist shot by Nathan MacKinnon.
17:09 of 1st period - Shot Misses the Net.
17:11 of 1st period - Snap shot by Cole Caufield.
17:11 of 1st period - Stopped by Yaroslav Askarov with a rebound.
17:13 of 1st period - Snap shot by Nathan MacKinnon.
17:13 of 1st period - Stopped by Yaroslav Askarov without a rebound.
17:14 of 1st period - Jason Zucker wins face-off versus Nathan MacKinnon in Winnipeg Jets zone.
17:17 of 1st period - Slapshot by Nathan MacKinnon.
17:17 of 1st period - Shot Misses the Net.
17:25 of 1st period - Wrist shot by Nathan MacKinnon.
17:25 of 1st period - Stopped by Yaroslav Askarov without a rebound.
17:26 of 1st period - Adam Lowry wins face-off versus Nathan MacKinnon in Winnipeg Jets zone.
17:26 of 1st period - Adam Lowry is hit by Olli Maatta.
18:42 of 1st period - Artemi Panarin is hit by Connor Bedard and loses puck.
18:47 of 1st period - Snap shot by Jason Zucker.
18:47 of 1st period - Shot Blocked by Jake Walman.
18:49 of 1st period - Slapshot by Sean Durzi.
18:49 of 1st period - Deflect By Artemi Panarin.
18:49 of 1st period - Stopped by Igor Shesterkin with a rebound.
18:51 of 1st period - Slapshot by Sean Durzi.
18:51 of 1st period - Stopped by Igor Shesterkin with a rebound.
19:01 of 1st period - Snap shot by Connor Bedard.
19:01 of 1st period - Shot Misses the Net.
19:03 of 1st period - Slapshot by Dylan Samberg.
19:03 of 1st period - Shot Misses the Net.
19:05 of 1st period - Snap shot by Jonas Brodin.
19:05 of 1st period - Deflect By Ridly Greig.
19:05 of 1st period - Deflect By Nathan MacKinnon.
19:05 of 1st period - Goal by Ridly Greig - New York Rangers : 1 - Winnipeg Jets : 2.
19:06 of 1st period - Adam Lowry wins face-off versus Evgeni Malkin in neutral zone.
19:50 of 1st period - Slapshot by Artemi Panarin.
19:50 of 1st period - Shot Blocked by Michael Kesselring.
Goals for this period are 1 for New York Rangers vs 2 for Winnipeg Jets.
Shots for this period are 13 for New York Rangers vs 15 for Winnipeg Jets.
2nd period
0:01 of 2nd period - Nathan MacKinnon wins face-off versus Adam Lowry in neutral zone.
0:26 of 2nd period - Evgeni Malkin is hit by Joel Armia.
0:32 of 2nd period - Wrist shot by Alexis Lafreniere.
0:32 of 2nd period - Shot Blocked by Jake Walman.
0:34 of 2nd period - Snap shot by Alexis Lafreniere.
0:34 of 2nd period - Shot Misses the Net.
0:36 of 2nd period - Slapshot by Nate Schmidt.
0:36 of 2nd period - Shot Blocked by Timo Meier.
0:38 of 2nd period - Wrist shot by Joel Armia.
0:38 of 2nd period - Stopped by Igor Shesterkin without a rebound.
0:39 of 2nd period - Nathan MacKinnon wins face-off versus Jason Zucker in New York Rangers zone.
0:56 of 2nd period - Wrist shot by Nathan MacKinnon.
0:56 of 2nd period - Shot Blocked by Nate Schmidt.
1:27 of 2nd period - Slapshot by Conor Garland.
1:27 of 2nd period - Stopped by Yaroslav Askarov without a rebound.
1:28 of 2nd period - Vladislav Namestnikov wins face-off versus Noel Acciari in Winnipeg Jets zone.
2:39 of 2nd period - Icing by Haydn Fleury.
2:40 of 2nd period - Dylan Strome wins face-off versus Jason Zucker in Winnipeg Jets zone.
2:43 of 2nd period - Slapshot by Dylan Strome.
2:43 of 2nd period - Stopped by Yaroslav Askarov without a rebound.
2:44 of 2nd period - Dylan Strome wins face-off versus Jason Zucker in Winnipeg Jets zone.
3:23 of 2nd period - Snap shot by Conor Garland.
3:23 of 2nd period - Shot Misses the Net.
3:25 of 2nd period - Minor Penalty to Dylan Samberg for Elbowing.
3:26 of 2nd period - Taylor Hall wins face-off versus Nathan MacKinnon in Winnipeg Jets zone.
5:25 of 2nd period - Penalty to Dylan Samberg is over, Dylan Samberg is back on ice.
5:34 of 2nd period - Jonas Brodin is hit by Mikael Granlund and loses puck.
5:51 of 2nd period - Wrist shot by Matvei Michkov.
5:51 of 2nd period - Shot Misses the Net.
7:00 of 2nd period - Jake Walman is hit by Michael Kesselring and loses puck.
7:40 of 2nd period - Snap shot by Alexander Kerfoot.
7:40 of 2nd period - Stopped by Igor Shesterkin with a rebound.
7:50 of 2nd period - Haydn Fleury is hit by Evgeni Malkin and loses puck.
8:15 of 2nd period - Snap shot by Taylor Hall.
8:15 of 2nd period - Stopped by Igor Shesterkin without a rebound.
8:16 of 2nd period - Nathan MacKinnon wins face-off versus Adam Lowry in New York Rangers zone.
8:29 of 2nd period - Slapshot by Artemi Panarin.
8:29 of 2nd period - Shot Blocked by Alexander Kerfoot.
9:02 of 2nd period - Michael Kesselring is hit by Mikael Granlund and loses puck.
9:07 of 2nd period - Snap shot by Dylan Strome.
9:07 of 2nd period - Stopped by Yaroslav Askarov with a rebound.
9:09 of 2nd period - Slapshot by Victor Hedman.
9:09 of 2nd period - Deflect By Michael Kesselring.
9:09 of 2nd period - Stopped by Yaroslav Askarov with a rebound.
9:11 of 2nd period - Slapshot by Dylan Strome.
9:11 of 2nd period - Stopped by Yaroslav Askarov with a rebound.
9:13 of 2nd period - Slapshot by Victor Hedman.
9:13 of 2nd period - Shot Misses the Net.
10:11 of 2nd period - Snap shot by Nino Niederreiter.
10:11 of 2nd period - Deflect By Matvei Michkov.
10:11 of 2nd period - Shot Misses the Net.
10:11 of 2nd period - Puck is out of play.
10:12 of 2nd period - Vladislav Namestnikov wins face-off versus Evgeni Malkin in New York Rangers zone.
10:39 of 2nd period - Connor Bedard is hit by Artemi Panarin and loses puck.
11:24 of 2nd period - Snap shot by Mikael Granlund.
11:24 of 2nd period - Shot Blocked by Michael Kesselring.
11:26 of 2nd period - Minor Penalty to Matvei Michkov for Close Hand On Puck.
11:27 of 2nd period - Taylor Hall wins face-off versus Nathan MacKinnon in Winnipeg Jets zone.
11:44 of 2nd period - Wrist shot by Cole Caufield.
11:44 of 2nd period - Shot Blocked by Dylan Samberg.
11:54 of 2nd period - Evgeni Malkin is hit by Taylor Hall.
13:26 of 2nd period - Penalty to Matvei Michkov is over, Matvei Michkov is back on ice.
13:31 of 2nd period - Joel Armia is hit by Marcus Foligno and loses puck.
14:31 of 2nd period - Off-side.
14:32 of 2nd period - Nathan MacKinnon wins face-off versus Jason Zucker in neutral zone.
15:09 of 2nd period - Icing by Jonas Brodin.
15:10 of 2nd period - Sam Steel wins face-off versus Dylan Strome in Winnipeg Jets zone.
15:47 of 2nd period - Alexander Kerfoot is hit by Cole Caufield and loses puck.
15:58 of 2nd period - Slapshot by Conor Garland.
15:58 of 2nd period - Deflect By Alexander Kerfoot.
15:58 of 2nd period - Shot Blocked by Adam Lowry.
15:58 of 2nd period - Puck is out of play.
15:59 of 2nd period - Vladislav Namestnikov wins face-off versus Noel Acciari in Winnipeg Jets zone.
15:59 of 2nd period - Vladislav Namestnikov is hit by Marcus Foligno.
16:04 of 2nd period - Minor Penalty to Luke Schenn for Cross-checking.
16:05 of 2nd period - Jason Zucker wins face-off versus Mikael Granlund in New York Rangers zone.
16:09 of 2nd period - Snap shot by Jason Zucker.
16:09 of 2nd period - Goal by Jason Zucker - New York Rangers : 1 - Winnipeg Jets : 3.
16:10 of 2nd period - Adam Lowry wins face-off versus Nathan MacKinnon in neutral zone.
16:13 of 2nd period - Wrist shot by Alexander Kerfoot.
16:13 of 2nd period - Stopped by Igor Shesterkin with a rebound.
16:23 of 2nd period - Backhand shot by Taylor Hall.
16:23 of 2nd period - Stopped by Igor Shesterkin with a rebound.
16:25 of 2nd period - Slapshot by Nate Schmidt.
16:25 of 2nd period - Stopped by Igor Shesterkin with a rebound.
17:05 of 2nd period - Snap shot by Kyle Palmieri.
17:05 of 2nd period - Stopped by Yaroslav Askarov with a rebound.
17:13 of 2nd period - Snap shot by Kyle Palmieri.
17:13 of 2nd period - Stopped by Yaroslav Askarov with a rebound.
17:19 of 2nd period - Backhand shot by Timo Meier.
17:19 of 2nd period - Stopped by Yaroslav Askarov with a rebound.
17:21 of 2nd period - Slapshot by Victor Hedman.
17:21 of 2nd period - Shot Blocked by Haydn Fleury.
17:35 of 2nd period - Slapshot by Kyle Palmieri.
17:35 of 2nd period - Stopped by Yaroslav Askarov with a rebound.
17:37 of 2nd period - Slapshot by Victor Hedman.
17:37 of 2nd period - Deflect By Kyle Palmieri.
17:37 of 2nd period - Stopped by Yaroslav Askarov with a rebound.
17:50 of 2nd period - Wrist shot by Evgeni Malkin.
17:50 of 2nd period - Shot Misses the Net.
17:56 of 2nd period - Wrist shot by Evgeni Malkin.
17:56 of 2nd period - Shot Misses the Net.
17:58 of 2nd period - Snap shot by Evgeni Malkin.
17:58 of 2nd period - Stopped by Yaroslav Askarov without a rebound.
17:59 of 2nd period - Adam Lowry wins face-off versus Nathan MacKinnon in Winnipeg Jets zone.
17:59 of 2nd period - Adam Lowry is hit by Cole Caufield.
18:30 of 2nd period - Icing by Teuvo Teravainen.
18:31 of 2nd period - Dylan Strome wins face-off versus Jason Zucker in New York Rangers zone.
18:31 of 2nd period - Dylan Strome is hit by Michael Kesselring.
19:07 of 2nd period - Slapshot by Mikael Granlund.
19:07 of 2nd period - Shot Misses the Net.
19:09 of 2nd period - Snap shot by Dylan Strome.
19:09 of 2nd period - Shot Blocked by Ridly Greig.
19:11 of 2nd period - Wrist shot by Teuvo Teravainen.
19:11 of 2nd period - Stopped by Yaroslav Askarov without a rebound.
19:12 of 2nd period - Nathan MacKinnon wins face-off versus Adam Lowry in Winnipeg Jets zone.
19:15 of 2nd period - Wrist shot by Artemi Panarin.
19:15 of 2nd period - Stopped by Yaroslav Askarov with a rebound.
19:17 of 2nd period - Slapshot by Artemi Panarin.
19:17 of 2nd period - Stopped by Yaroslav Askarov without a rebound.
19:18 of 2nd period - Nathan MacKinnon wins face-off versus Adam Lowry in Winnipeg Jets zone.
19:26 of 2nd period - Minor Penalty to Dylan Samberg for Hooking.
19:27 of 2nd period - Dylan Strome wins face-off versus Adam Lowry in Winnipeg Jets zone.
19:29 of 2nd period - Wrist shot by Timo Meier.
19:29 of 2nd period - Stopped by Yaroslav Askarov with a rebound.
19:31 of 2nd period - Slapshot by Evgeni Malkin.
19:31 of 2nd period - Stopped by Yaroslav Askarov with a rebound.
19:33 of 2nd period - Snap shot by Timo Meier.
19:33 of 2nd period - Goal by Timo Meier - New York Rangers : 2 - Winnipeg Jets : 3.
19:34 of 2nd period - Nathan MacKinnon wins face-off versus Adam Lowry in neutral zone.
19:41 of 2nd period - Cole Caufield is hit by Adam Lowry and loses puck.
Goals for this period are 1 for New York Rangers vs 1 for Winnipeg Jets.
Shots for this period are 17 for New York Rangers vs 7 for Winnipeg Jets.
3rd period
0:01 of 3rd period - Nathan MacKinnon wins face-off versus Jason Zucker in neutral zone.
0:16 of 3rd period - Snap shot by Jason Zucker.
0:16 of 3rd period - Stopped by Igor Shesterkin with a rebound.
0:46 of 3rd period - Nate Schmidt is hit by Jake Walman and loses puck.
1:05 of 3rd period - Slapshot by Connor Bedard.
1:05 of 3rd period - Stopped by Igor Shesterkin without a rebound.
1:06 of 3rd period - Nathan MacKinnon wins face-off versus Connor Bedard in New York Rangers zone.
1:11 of 3rd period - Slapshot by Nathan MacKinnon.
1:11 of 3rd period - Shot Misses the Net.
1:21 of 3rd period - Snap shot by Sean Durzi.
1:21 of 3rd period - Stopped by Igor Shesterkin with a rebound.
1:23 of 3rd period - Snap shot by Jason Zucker.
1:23 of 3rd period - Shot Blocked by Cole Caufield.
1:33 of 3rd period - Michael Kesselring is hit by Evgeni Malkin and loses puck.
1:54 of 3rd period - Icing by Taylor Hall.
1:55 of 3rd period - Vladislav Namestnikov wins face-off versus Dylan Strome in Winnipeg Jets zone.
2:45 of 3rd period - Jake Walman is hit by Taylor Hall and loses puck.
2:52 of 3rd period - Snap shot by Adam Lowry.
2:52 of 3rd period - Shot Blocked by Jake Walman.
2:54 of 3rd period - Wrist shot by Alexander Kerfoot.
2:54 of 3rd period - Shot Blocked by Nathan MacKinnon.
3:18 of 3rd period - Nate Schmidt is hit by Evgeni Malkin and loses puck.
3:46 of 3rd period - Wrist shot by Evgeni Malkin.
3:46 of 3rd period - Stopped by Yaroslav Askarov without a rebound.
3:47 of 3rd period - Nathan MacKinnon wins face-off versus Sam Steel in Winnipeg Jets zone.
3:48 of 3rd period - Wrist shot by Cole Caufield.
3:48 of 3rd period - Shot Misses the Net.
4:02 of 3rd period - Snap shot by Dylan Samberg.
4:02 of 3rd period - Shot Blocked by Adam Larsson.
5:29 of 3rd period - Icing by Olli Maatta.
5:30 of 3rd period - Adam Lowry wins face-off versus Nathan MacKinnon in New York Rangers zone.
5:33 of 3rd period - Snap shot by Alexander Kerfoot.
5:33 of 3rd period - Goal by Alexander Kerfoot - New York Rangers : 2 - Winnipeg Jets : 4.
5:34 of 3rd period - Adam Lowry wins face-off versus Nathan MacKinnon in neutral zone.
5:37 of 3rd period - Wrist shot by Adam Lowry.
5:37 of 3rd period - Stopped by Igor Shesterkin with a rebound.
5:43 of 3rd period - Backhand shot by Alexander Kerfoot.
5:43 of 3rd period - Deflect By Jake Walman.
5:43 of 3rd period - Shot Blocked by Victor Hedman.
5:43 of 3rd period - Puck is out of play.
5:44 of 3rd period - Nathan MacKinnon wins face-off versus Adam Lowry in New York Rangers zone.
5:56 of 3rd period - Off-side.
5:57 of 3rd period - Adam Lowry wins face-off versus Nathan MacKinnon in neutral zone.
5:57 of 3rd period - Adam Lowry is hit by Artemi Panarin.
6:03 of 3rd period - Snap shot by Adam Lowry.
6:03 of 3rd period - Shot Misses the Net.
6:08 of 3rd period - Off-side.
6:09 of 3rd period - Nathan MacKinnon wins face-off versus Adam Lowry in neutral zone.
6:26 of 3rd period - Slapshot by Artemi Panarin.
6:26 of 3rd period - Shot Misses the Net.
7:07 of 3rd period - Wrist shot by Dylan Strome.
7:07 of 3rd period - Shot Blocked by Taylor Hall.
7:25 of 3rd period - Snap shot by Mikael Granlund.
7:25 of 3rd period - Deflect By Dylan Strome.
7:25 of 3rd period - Shot Blocked by Jonas Brodin.
7:25 of 3rd period - Puck is out of play.
7:26 of 3rd period - Nathan MacKinnon wins face-off versus Vladislav Namestnikov in Winnipeg Jets zone.
7:30 of 3rd period - Minor Penalty to Nate Schmidt for Roughing.
7:31 of 3rd period - Joel Armia wins face-off versus Nathan MacKinnon in Winnipeg Jets zone.
7:57 of 3rd period - Timo Meier is hit by Adam Lowry.
9:13 of 3rd period - Taylor Hall is hit by Artemi Panarin and loses puck.
9:30 of 3rd period - Penalty to Nate Schmidt is over, Nate Schmidt is back on ice.
9:36 of 3rd period - Mikael Granlund is hit by Sam Steel and loses puck.
11:06 of 3rd period - Mikael Granlund is hit by Taylor Hall.
11:16 of 3rd period - Kyle Palmieri is hit by Connor Bedard and loses puck.
11:29 of 3rd period - Slapshot by Vladislav Namestnikov.
11:29 of 3rd period - Shot Misses the Net.
11:33 of 3rd period - Snap shot by Vladislav Namestnikov.
11:33 of 3rd period - Stopped by Igor Shesterkin with a rebound.
11:57 of 3rd period - Dylan Strome is hit by Alexander Kerfoot and loses puck.
12:23 of 3rd period - Dmitry Kulikov is hit by Jason Zucker and loses puck.
12:56 of 3rd period - Olli Maatta is hit by Dylan Samberg and loses puck.
13:16 of 3rd period - Slapshot by Marcus Foligno.
13:16 of 3rd period - Deflect By Conor Garland.
13:16 of 3rd period - Shot Misses the Net.
13:16 of 3rd period - Puck is out of play.
13:17 of 3rd period - Nathan MacKinnon wins face-off versus Jason Zucker in Winnipeg Jets zone.
13:18 of 3rd period - Backhand shot by Artemi Panarin.
13:18 of 3rd period - Stopped by Yaroslav Askarov without a rebound.
13:19 of 3rd period - Jason Zucker wins face-off versus Nathan MacKinnon in Winnipeg Jets zone.
13:21 of 3rd period - Minor Penalty to Connor Bedard for Interference.
13:22 of 3rd period - Adam Lowry wins face-off versus Dylan Strome in Winnipeg Jets zone.
14:09 of 3rd period - Slapshot by Dylan Samberg.
14:09 of 3rd period - Deflect By Ridly Greig.
14:09 of 3rd period - Stopped by Igor Shesterkin with a rebound.
15:15 of 3rd period - Nathan MacKinnon is hit by Jonas Brodin and loses puck.
15:21 of 3rd period - Penalty to Connor Bedard is over, Connor Bedard is back on ice.
15:30 of 3rd period - Nino Niederreiter is hit by Conor Garland and loses puck.
16:25 of 3rd period - Minor Penalty to Timo Meier for Interference.
16:26 of 3rd period - Jason Zucker wins face-off versus Teuvo Teravainen in New York Rangers zone.
16:30 of 3rd period - Wrist shot by Ridly Greig.
16:30 of 3rd period - Shot Misses the Net.
16:32 of 3rd period - Snap shot by Connor Bedard.
16:32 of 3rd period - Stopped by Igor Shesterkin with a rebound.
16:38 of 3rd period - Snap shot by Jason Zucker.
16:38 of 3rd period - Deflect By Ridly Greig.
16:38 of 3rd period - Stopped by Igor Shesterkin with a rebound.
16:40 of 3rd period - Snap shot by Connor Bedard.
16:40 of 3rd period - Shot Blocked by Teuvo Teravainen.
16:50 of 3rd period - Taylor Hall is hit by Mikael Granlund and loses puck.
16:55 of 3rd period - Slapshot by Jake Walman.
16:55 of 3rd period - Shot Misses the Net.
16:57 of 3rd period - Slapshot by Noel Acciari.
16:57 of 3rd period - Deflect By Jonas Brodin.
16:57 of 3rd period - Shot Misses the Net.
16:57 of 3rd period - Puck is out of play.
16:58 of 3rd period - Alexander Kerfoot wins face-off versus Mikael Granlund in Winnipeg Jets zone.
17:05 of 3rd period - Snap shot by Taylor Hall.
17:05 of 3rd period - Stopped by Igor Shesterkin with a rebound.
17:07 of 3rd period - Slapshot by Haydn Fleury.
17:07 of 3rd period - Stopped by Igor Shesterkin without a rebound.
17:08 of 3rd period - Mikael Granlund wins face-off versus Adam Lowry in New York Rangers zone.
17:51 of 3rd period - Wrist shot by Adam Lowry.
17:51 of 3rd period - Shot Misses the Net.
17:53 of 3rd period - Slapshot by Haydn Fleury.
17:53 of 3rd period - Winnipeg Jets goal is going for a video replay.
17:53 of 3rd period - The goal is refused. The goalkeeper has been pushed into the net together with the puck after making a save..
17:54 of 3rd period - Jason Zucker wins face-off versus Teuvo Teravainen in New York Rangers zone.
18:25 of 3rd period - Penalty to Timo Meier is over, Timo Meier is back on ice.
19:55 of 3rd period - Icing by Haydn Fleury.
19:56 of 3rd period - Jason Zucker wins face-off versus Teuvo Teravainen in Winnipeg Jets zone.
Goals for this period are 0 for New York Rangers vs 1 for Winnipeg Jets.
Shots for this period are 2 for New York Rangers vs 12 for Winnipeg Jets.
Back to the Top